Map: Arktyczny Sen ER

Players

Aldaron

  • Race: Zerg Zerg
  • League: Diamond
  • Spawn Location: 12:00

Ravi

  • Race: Terran Terran
  • Spawn Location: 11:00

Volkodav - Winner!

  • Race: Protoss Protoss
  • League: Diamond
  • Spawn Location: 5:00

Kafyir - Winner!

  • Race: Protoss Protoss
  • Spawn Location: 6:00

VOD

Have the link to the VOD?

Description

Time

  • Played on: Sept. 26, 2021, 2:36 p.m.
  • Length: 13:10
Show
View Real Time Build Order
Export as new Build Order

Aldaron Zerg 

Build Orders: 3 Hatch before Pool 

Get SALT Encoding   

  12  0:02  Drone  
  13  0:14  Drone  
  13  0:17  Overlord  
  14  0:23  Extractor  
  14  0:24  Drone  
  15  0:37  Drone x2  
  17  0:46  Drone  
  18  0:57  Drone  
  18  1:00  Hatchery  
  18  1:08  Drone  
  19  1:21  Hatchery  
  19  1:25  Drone  
  19  1:40  Extractor, Spawning Pool  
  19  1:44  Drone x2  
  19  1:57  Drone  
  20  2:03  Drone  
  21  2:20  Drone x2  
  23  2:24  Overlord  
  23  2:26  Queen x2  
  27  2:37  Queen  
  27  2:42  Zergling x4  
  31  2:47  Metabolic Boost  
  31  2:56  Zergling x4  
  33  3:02  Drone x3  
  36  3:07  Overlord  
  34  3:31  Drone x9  
  42  3:42  Overlord  
  42  3:53  Drone x4  
  42  3:54  Drone x3  
  49  3:56  Spore Crawler  
  49  3:57  Spore Crawler  
  49  3:59  Overlord, Spore Crawler  
  46  4:03  Overlord  
  46  4:15  Roach Warren  
  46  4:16  Drone x5  
  50  4:18  Drone  
  51  4:31  Zergling x10  
  51  4:32  Zergling x8  
  51  4:35  Overlord  
  60  4:41  Drone x4  
  60  4:43  Drone  
  65  4:52  Lair  
  65  4:53  Extractor  
  65  4:55  Extractor  
  65  4:56  Extractor  
  65  4:58  Drone x4  
  66  5:08  Drone x9  
  75  5:17  Queen  
  75  5:18  Queen  
  75  5:19  Overlord  
  79  5:24  Evolution Chamber  
  79  5:27  Evolution Chamber  
  77  5:35  Overlord x4  
  77  5:42  Overlord  
  77  5:43  Overlord  
  77  5:47  Extractor  
  77  5:49  Extractor, Glial Reconstitution  
  75  5:52  Pneumatized Carapace  
  75  5:56  Zerg Missile Weapons Level 1, Zerg Ground Armor Level 1  
  75  6:02  Drone  
  75  6:03  Drone x2  
  78  6:05  Drone x6  
  78  6:10  Queen  
  86  6:16  Hydralisk Den  
  86  6:17  Drone x2  
  87  6:19  Infestation Pit, Roach x3  
  92  6:54  Grooved Spines  
  92  6:55  Hive  
  92  7:02  Hydralisk x9  
  92  7:04  Zergling x18  
  119  7:21  Overlord x4  
  119  7:22  Overlord x4  
  119  7:34  Lurker Den  
  117  7:53  Hydralisk x5  
  117  7:54  Hydralisk x7  
  141  8:09  Hydralisk x4  
  141  8:10  Hydralisk x3  
  153  8:32  Burrow  
  153  8:44  Zerg Ground Armor Level 2, Zerg Missile Weapons Level 2  
  153  9:09  Hatchery  
  152  9:12  Viper  
  152  9:13  Viper  
  152  9:14  Viper  
  152  9:16  Drone  
  152  9:17  Drone x10  
  172  9:28  Extractor  
  172  9:31  Extractor  
  170  9:37  Seismic Spines  
  170  9:39  Muscular Augments  
  167  10:24  Hatchery  
  166  10:29  Overlord  
  166  10:30  Overlord x3, Viper  
  166  10:31  Viper x2  
  166  10:32  Viper, Hatchery  
  177  10:45  Extractor  
  177  10:49  Extractor  
  124  11:35  Hydralisk x13  
  124  11:36  Hydralisk x12  
  141  11:44  Hydralisk  
  141  11:45  Hydralisk  
  136  11:50  Hydralisk x2  
  103  12:24  Hydralisk  
  103  12:25  Hydralisk x11  
  96  12:30  Hydralisk x4  
Show
View Real Time Build Order
Export as new Build Order

Ravi Terran 

Build Orders:  

Get SALT Encoding   

  12  0:00  SCV  
  13  0:12  SCV  
  14  0:17  Supply Depot  
  14  0:24  SCV  
  15  0:38  SCV  
  15  0:40  Barracks  
  16  0:51  SCV  
  16  0:53  Refinery  
  17  1:03  SCV  
  18  1:15  SCV  
  19  1:27  Marine, SCV  
  21  1:33  Supply Depot  
  21  1:39  SCV  
  22  1:53  Command Center, SCV  
  23  2:09  SCV  
  23  2:15  Barracks Tech Lab  
  24  2:16  Refinery  
  24  2:19  Barracks  
  24  2:21  SCV  
  25  2:32  Barracks  
  25  2:33  SCV  
  26  2:37  Concussive Shells  
  26  2:45  SCV  
  27  2:52  Marauder  
  27  2:58  SCV  
  30  3:08  Factory  
  30  3:10  SCV  
  30  3:11  Supply Depot  
  31  3:13  SCV  
  32  3:21  Marine, Marauder  
  36  3:31  SCV  
  36  3:33  Orbital Command  
  36  3:42  Marauder, Barracks Tech Lab  
  36  3:45  Stimpack  
  38  3:49  SCV  
  39  4:00  SCV  
  39  4:01  Barracks Tech Lab  
  40  4:06  SCV  
  40  4:09  Factory Tech Lab  
  41  4:12  Barracks  
  41  4:13  SCV  
  41  4:15  Engineering Bay  
  42  4:20  Marauder  
  42  4:22  Combat Shield  
  44  4:28  Cyclone  
  44  4:30  SCV x2  
  47  5:01  SCV x2  
  47  5:03  Barracks Reactor  
  47  5:06  Starport  
  49  5:09  Starport  
  49  5:10  Terran Infantry Weapons Level 1  
  49  5:13  Marine x2  
  51  5:15  SCV  
  51  5:17  Refinery  
  51  5:18  Orbital Command, Refinery  
  52  5:28  Supply Depot x2  
  52  5:30  Marine  
  52  5:31  Marine  
  54  5:44  Starport Reactor  
  54  5:49  Marine x2, Starport Tech Lab  
  60  5:50  Marauder x2  
  57  6:18  Banshee  
  60  6:20  Marine x3  
  60  6:21  Marine  
  60  6:22  Medivac  
  60  6:23  Medivac  
  68  6:42  SCV x2, Missile Turret  
  68  6:44  Missile Turret  
  70  6:54  Supply Depot  
  70  6:59  Marine x2, Medivac x2, Marauder  
  78  7:05  Cloaking Field  
  78  7:11  Marauder  
  80  7:20  SCV x2  
  82  7:53  Marauder  
  82  7:54  Marine x2, Marauder  
  82  7:57  SCV x2, Command Center  
  87  7:59  Refinery  
  87  8:01  Refinery  
  87  8:11  Terran Infantry Armor Level 1  
  77  8:53  SCV x2  
  70  8:58  Barracks  
  70  9:00  Marine x2, Barracks  
  70  9:01  Marine x2  
  74  9:02  Viking  
  74  9:03  Viking  
  80  9:10  Planetary Fortress  
  80  9:14  Raven  
  80  9:18  Marine x3  
  80  9:19  Marine  
  80  9:21  SCV x2  
  86  9:32  Medivac  
  86  9:33  Medivac  
  86  9:36  Marine x4  
  94  9:39  Armory  
  94  9:41  SCV x2  
  96  9:54  Marine x2  
  96  9:59  Marine, Starport Reactor  
  98  10:00  Marine  
  100  10:12  Marine x2  
  102  10:20  Medivac x2  
  106  10:21  Barracks Reactor  
  106  10:22  Barracks Reactor  
  106  10:26  Engineering Bay, SCV x3  
  109  10:42  Supply Depot  
  109  10:43  Supply Depot x2  
  109  10:44  Supply Depot  
  109  10:45  Supply Depot  
  109  10:49  SCV x3  
  112  10:57  Viking x2  
  120  11:18  Marauder x2  
  120  11:26  Viking  
  120  11:27  Marine x2, Viking  
  107  11:40  Marauder x2  
  107  11:45  Marine x2  
  93  11:56  Viking  
  93  11:57  Viking  
  101  12:01  Marauder x2  
  76  12:22  Marauder  
  76  12:23  Marine x2, Marauder  
  76  12:25  Thor  
  76  12:26  Viking x3  
  76  12:27  Viking  
  74  12:40  Marine  
  74  12:42  Missile Turret  
  74  12:43  Missile Turret  
  74  12:44  Marauder x2, Missile Turret  
Show
View Real Time Build Order
Export as new Build Order

Volkodav Protoss - Winner!

Build Orders: Oracle Opening, Carriers 

Get SALT Encoding   

  12  0:01  Probe  
  13  0:13  Probe  
  14  0:17  Pylon  
  14  0:25  Probe (Chrono Boost)  
  15  0:37  Probe (Chrono Boost)  
  15  0:39  Gateway  
  16  0:43  Probe (Chrono Boost)  
  16  0:46  Assimilator  
  17  0:51  Probe  
  17  0:55  Assimilator  
  18  1:08  Gateway  
  18  1:11  Probe (Chrono Boost)  
  19  1:23  Probe (Chrono Boost)  
  20  1:27  Cybernetics Core  
  20  1:31  Probe (Chrono Boost)  
  21  1:41  Probe  
  21  1:45  Pylon  
  22  2:03  Adept x2  
  22  2:05  Warp Gate  
  26  2:12  Probe  
  27  2:32  Nexus  
  27  2:41  Adept  
  27  2:43  Adept  
  31  2:59  Stargate  
  31  3:06  Pylon  
  31  3:24  Probe  
  28  3:43  Probe (Chrono Boost)  
  29  3:48  Probe (Chrono Boost)  
  29  3:49  Assimilator  
  29  3:52  Oracle  
  34  3:55  Probe (Chrono Boost)  
  34  3:59  Probe (Chrono Boost)  
  34  4:01  Probe (Chrono Boost)  
  36  4:03  Stargate, Probe (Chrono Boost)  
  37  4:17  Probe (Chrono Boost)  
  37  4:18  Probe (Chrono Boost)  
  37  4:24  Assimilator  
  39  4:29  Probe (Chrono Boost)  
  39  4:30  Probe (Chrono Boost), Protoss Air Weapons Level 1  
  41  4:40  Probe  
  41  4:41  Probe  
  43  4:52  Probe  
  44  4:53  Probe  
  44  4:56  Void Ray x2  
  53  5:04  Probe  
  54  5:14  Pylon  
  54  5:16  Pylon  
  54  5:31  Fleet Beacon, Stargate  
  54  5:32  Probe  
  55  5:37  Void Ray  
  59  5:45  Nexus  
  59  6:10  Probe x2  
  58  6:16  Void Ray  
  58  6:17  Assimilator, Void Ray  
  66  6:19  Assimilator  
  66  6:20  Void Ray  
  66  6:21  Pylon  
  66  6:23  Flux Vanes  
  66  6:24  Pylon  
  70  6:33  Pylon  
  70  6:39  Probe (Chrono Boost)  
  72  6:40  Probe (Chrono Boost)  
  72  6:51  Protoss Air Weapons Level 2 (Chrono Boost), Probe (Chrono Boost)  
  72  6:52  Probe (Chrono Boost)  
  74  6:56  Probe x2 (Chrono Boost)  
  74  6:58  Probe (Chrono Boost)  
  77  7:06  Probe  
  77  7:07  Carrier  
  84  7:09  Probe  
  85  7:23  Shield Battery  
  85  7:26  Shield Battery  
  85  7:35  Carrier  
  91  7:38  Probe x3  
  94  7:50  Probe x3  
  97  7:57  Carrier  
  103  8:02  Probe x2  
  105  8:07  Probe  
  106  8:14  Probe x2  
  106  8:19  Probe  
  109  8:33  Pylon  
  109  8:36  Pylon  
  109  8:38  Pylon  
  109  8:49  Carrier (Chrono Boost)  
  109  8:51  Probe  
  109  8:52  Carrier (Chrono Boost)  
  109  8:55  Pylon  
  122  8:58  Pylon  
  122  9:04  Carrier (Chrono Boost)  
  128  9:21  Assimilator  
  128  9:22  Nexus  
  128  9:24  Pylon  
  128  9:25  Assimilator  
  128  9:27  Pylon  
  128  9:34  Protoss Air Weapons Level 3 (Chrono Boost)  
  134  10:21  Carrier x2  
  134  10:22  Carrier  
  134  10:26  Probe  
  134  10:27  Probe x2  
  149  10:38  Stargate  
  149  10:39  Stargate, Probe  
  149  10:41  Stargate  
  149  10:42  Probe x3  
  153  10:51  Probe  
  153  10:54  Probe x2  
  148  11:37  Carrier x5  
  160  11:58  Carrier  
Show
View Real Time Build Order
Export as new Build Order

Kafyir Protoss - Winner!

Build Orders: 1 Gate Expand, Blink Stalkers 

Get SALT Encoding   

  12  0:01  Probe  
  13  0:13  Probe  
  14  0:17  Pylon  
  14  0:25  Probe  
  15  0:36  Gateway  
  15  0:39  Probe (Chrono Boost)  
  16  0:48  Assimilator  
  16  0:50  Probe (Chrono Boost)  
  17  0:58  Probe  
  18  1:25  Cybernetics Core  
  18  1:37  Probe  
  18  1:39  Nexus  
  19  1:43  Assimilator  
  19  1:49  Probe  
  20  1:58  Pylon  
  20  2:01  Probe  
  21  2:14  Probe  
  22  2:19  Gateway  
  22  2:22  Twilight Council  
  22  2:24  Warp Gate  
  22  2:28  Probe (Chrono Boost)  
  23  2:36  Adept  
  25  2:40  Probe (Chrono Boost)  
  26  2:48  Probe (Chrono Boost)  
  27  2:58  Probe x2 (Chrono Boost)  
  29  3:00  Blink (Chrono Boost)  
  29  3:07  Probe (Chrono Boost)  
  29  3:12  Sentry, Probe x2 (Chrono Boost)  
  33  3:17  Assimilator  
  34  3:25  Probe  
  35  3:30  Gateway  
  35  3:35  Stalker  
  37  3:42  Stalker  
  37  3:44  Probe (Chrono Boost)  
  40  3:48  Probe (Chrono Boost)  
  40  3:50  Robotics Facility  
  41  4:00  Probe (Chrono Boost)  
  41  4:01  Pylon  
  41  4:02  Probe (Chrono Boost)  
  43  4:09  Probe (Chrono Boost)  
  44  4:13  Stalker  
  46  4:20  Pylon  
  46  4:23  Forge  
  46  4:25  Stalker  
  46  4:26  Stalker  
  46  4:29  Probe x2  
  52  4:49  Charge (Chrono Boost), Stalker x2  
  52  4:50  Stalker  
  52  4:52  Observer  
  59  4:58  Pylon  
  59  5:10  Nexus  
  59  5:13  Pylon  
  59  5:19  Templar Archives  
  59  5:20  Probe x2  
  61  5:27  Assimilator  
  61  5:31  Photon Cannon  
  61  5:32  Probe x2  
  63  5:35  Shield Battery  
  63  5:40  Observer  
  64  5:44  Photon Cannon  
  64  5:45  Probe x2  
  66  5:51  Protoss Ground Weapons Level 1 (Chrono Boost), Psionic Storm  
  66  6:01  Probe x2  
  68  6:12  Assimilator  
  68  6:13  Probe (Chrono Boost)  
  68  6:14  Probe (Chrono Boost)  
  68  6:18  Gateway  
  70  6:23  Probe (Chrono Boost)  
  71  6:28  High Templar  
  71  6:30  Zealot x2  
  71  6:32  Probe x2 (Chrono Boost)  
  79  6:37  Probe x2 (Chrono Boost)  
  81  6:43  Gateway  
  81  6:49  Probe (Chrono Boost)  
  81  6:53  Forge  
  83  6:55  Probe (Chrono Boost)  
  83  6:56  Photon Cannon  
  83  6:57  Probe (Chrono Boost)  
  84  7:01  Robotics Bay  
  84  7:02  Probe x2  
  84  7:04  High Templar x2  
  84  7:05  Zealot  
  84  7:07  Probe  
  93  7:11  Pylon  
  93  7:26  Nexus  
  93  7:27  Pylon  
  93  7:28  Assimilator  
  93  7:29  Probe x2  
  95  7:40  Observer  
  96  7:47  Probe  
  96  7:49  Protoss Ground Armor Level 1 (Chrono Boost)  
  97  7:57  Protoss Shields Level 1 (Chrono Boost)  
  97  8:00  Photon Cannon  
  97  8:04  Photon Cannon  
  97  8:06  Colossus  
  97  8:08  Assimilator  
  103  8:13  Assimilator, Sentry x3  
  103  8:16  Pylon  
  109  8:51  Nexus  
  109  8:55  Pylon  
  109  8:56  Pylon  
  109  8:59  Pylon  
  109  9:07  Colossus  
  109  9:11  Pylon  
  109  9:15  Photon Cannon  
  109  9:20  Gateway, Zealot x4  
  109  9:21  Zealot, Gateway  
  109  9:22  Probe x2  
  109  9:23  Gateway  
  127  9:24  Gateway  
  127  9:27  Gateway  
  127  9:31  Assimilator  
  127  9:34  Robotics Facility  
  127  9:36  Probe  
  128  9:44  Pylon  
  128  9:49  Pylon  
  128  9:51  Pylon  
  128  9:53  Photon Cannon  
  128  9:56  High Templar x3  
  128  9:57  High Templar  
  128  9:58  Zealot  
  138  10:00  Archon  
  138  10:01  Archon, Observer  
  139  10:17  Probe (Chrono Boost)  
  143  10:22  Disruptor  
  143  10:23  Nexus, Probe (Chrono Boost), Stalker x4  
  143  10:24  Probe (Chrono Boost), Stalker x2  
  143  10:25  Assimilator, Probe (Chrono Boost)  
  158  10:30  Assimilator  
  158  10:32  Probe (Chrono Boost)  
  158  10:34  Robotics Facility  
  159  10:41  Protoss Shields Level 2 (Chrono Boost)  
  159  10:43  Protoss Ground Weapons Level 2 (Chrono Boost)  
  159  10:48  Stalker  
  159  10:49  Stalker x7  
  175  10:50  Stalker x2  
  179  11:23  Disruptor  
  149  11:48  Colossus  
  153  11:58  Disruptor  
  156  12:08  High Templar x3  
  158  12:09  Zealot x2  
  158  12:10  Zealot x5  
  170  12:16  Archon  
  146  12:43  Zealot x2  
  146  12:44  Zealot x6  
  158  12:45  Zealot  
Tags
 
Add a new tag
Caveats
  • Supply blocks, unpowered buildings, or Contaminate may cause inaccurate times.
  • Supply counts are checked every 10 seconds.